 Dungeon Crawl Stone Soup version 0.30-a0-331-g8ab09dc110 (webtiles) character file.

Game seed: 13804779603271397447

875 p00ps00p the Trooper (level 7, -3/56 HPs)
             Began as a Demonspawn Fighter on Oct 29, 2022.
             Was an Initiate of Gozag.
             Slain by an ogre
             ... wielding a +0 giant club
              (24 damage)
             ... on level 5 of the Dungeon.
             The game lasted 00:10:31 (4355 turns).

p00ps00p the Trooper (Demonspawn Fighter)           Turns: 4355, Time: 00:10:32

Health: -3/56      AC:  7    Str: 18    XL:     7   Next: 74%
Magic:  7/7        EV:  9    Int:  9    God:    Gozag
Gold:   414        SH: 14    Dex: 13    Spells: 6/6 levels left

rFire   . . .      SeeInvis .    E - +5 hand axe "Humulan" {vorpal, rC+ rN+}
rCold   + . .      Faith    .    c - +0 buckler
rNeg    + . .      Spirit   .    b - +0 scale mail
rPois   .          Reflect  +    (helmet restricted)
rElec   .          Harm     .    (no cloak)
rCorr   .          Rampage  .    (no gloves)
Will    .....                    (no boots)
Stlth   ..........               h - amulet of reflection
HPRegen 0.29/turn                (no ring)
MPRegen 0.10/turn                (no ring)

@: gold aura
A: horns 1, large bone plates 1
a: Renounce Religion, Potion Petition, Call Merchant, Bribe Branch


You were on level 5 of the Dungeon.
You worshipped Gozag.
Gozag was aware of your devotion.
You visited 1 branch of the dungeon, and saw 5 of its levels.

You collected 456 gold pieces.
You paid 42 gold pieces to Gozag.

Inventory:

Hand Weapons
 E - the +5 hand axe "Humulan" (weapon) {vorpal, rC+ rN+}
   (You found it on level 5 of the Dungeon)

   It inflicts extra damage upon your enemies.
   rC:        It protects you from cold.
   rN:        It protects you from negative energy.
Missiles
 l - 13 poisoned darts (quivered)
Armour
 b - a +0 scale mail (worn)
 c - a +0 buckler (worn)
Jewellery
 e - an amulet of magic regeneration
 h - an amulet of reflection (around neck)
 y - an amulet of the acrobat
Scrolls
 i - a scroll of torment
 j - a scroll of teleportation
 k - 2 scrolls of magic mapping
 n - a scroll of enchant armour {unknown}
 o - a scroll of enchant weapon {unknown}
 p - a scroll of amnesia {unknown}
 q - a scroll of vulnerability {unknown}
 t - a scroll of brand weapon {unknown}
 u - a scroll of immolation {unknown}
 v - a scroll of fear {unknown}
 A - a scroll of noise {unknown}
Potions
 d - 2 potions of might
 f - 2 potions of lignification
 m - a potion of haste {unknown}
 r - 2 potions of berserk rage
 s - a potion of magic {unknown}
 w - 2 potions of flight {unknown}
 x - a potion of brilliance {unknown}
 z - a potion of ambrosia {unknown}
 B - a potion of heal wounds {unknown}
 C - a potion of curing {unknown}


   Skills:
 + Level 5.3 Fighting
 + Level 4.3 Axes
 + Level 4.8 Armour
 + Level 4.8 Shields


You had 6 spell levels left.
You didn't know any spells.
Your spell library contained the following spells:

 Spells                   Type           Power      Damage    Failure   Level
 Beastly Appendage        Tmut           0%         N/A       85%         1
 Summon Small Mammal      Summ           0%         N/A       85%         1
 Wereblood                Tmut           0%         N/A       94%         2
 Call Canine Familiar     Summ           0%         N/A       99%         3
 Spider Form              Tmut/Pois      0%         N/A       99%         3
 Summon Guardian Golem    Hex/Summ       0%         N/A       99%         3


Dungeon Overview and Level Annotations

Branches:
Dungeon (5/15)
 Temple: D:4-7

Altars:
Ashenzari
Gozag
Okawaru
Trog

Shops:
D:5 =


Innate Abilities, Weirdness & Mutations

You have a pair of small horns on your head.
You are partially covered in large bone plates. (SH +4)


Message History

You see here a +0 whip.
You now have enough gold to petition Gozag for potion effects.
You now have 407 gold pieces (gained 21).
You see here a +0 giant spiked club.
You now have 414 gold pieces (gained 7).
Found a leather armour.
You see here a +0 leather armour.
You see here a +0 robe.
Found a stone staircase leading up.
You see here the +5 hand axe "Humulan" {vorpal, rC+ rN+}.
E - the +5 hand axe "Humulan" {vorpal, rC+ rN+}
E - the +5 hand axe "Humulan" (weapon)
{vorpal, rC+ rN+} You drop a +0 war axe.
You drop a +2 vorpal flail.
You drop an orb of wrath.
An orc comes into view. It is wielding a +0 club.
The orc shouts!
You hear a shout!
An ogre comes into view. It is wielding a +0 giant club.
You block the orc's attack.
You hit the orc. Your headbutt misses the orc.
The orc is severely wounded.
You block the orc's attack.
You hit the orc but do no damage.
The orc is severely wounded.
You hit the ogre. The orc hits you with a +0 club.
The ogre hits you with a +0 giant club! The orc barely misses you.
You hit the orc.
You kill the orc!
You hit the ogre.
The ogre hits you with a +0 giant club!!
The ogre barely misses you.
Things that are here:
5 gold pieces; a +0 club; a +0 scale mail You hit the ogre.
The ogre is severely wounded.
You hit the ogre.
The ogre is severely wounded.
The ogre hits you with a +0 giant club!!
You die...
Your body crumbles into a pile of gold.

#.# #.# #.# ###.#
####...# #......# ####
#.##.#[# ...#
#.##.#.########## ##.#
#.##.#...@....... #.#
#.#......O.##.... #.#
#.##.####<..# . ##.###
#.###########
.....###..........#
..................
......####....###.
......# #....#
......####....#########


You could see an ogre.

Vanquished Creatures
  A water moccasin (D:5)
  An ogre (D:5)
  A phantom (D:5)
  A bullfrog (D:5)
  4 scorpions
  A jelly (D:5)
  An orc wizard (D:4)
  Natasha (thrice) (D:2)
  5 adders
  An ufetubus (D:5)
  2 worms (D:4)
  4 dart slugs
  9 orcs
  11 ball pythons
  9 bats
  9 endoplasms
  4 giant cockroaches
  14 hobgoblins
  11 jackals
  8 quokkas
  3 frilled lizards
  4 goblins
  5 kobolds
  2 rats
114 creatures vanquished.

Notes
Turn   | Place    | Note
-------+----------+-------------------------------------------
     0 | D:1      | p00ps00p the Demonspawn Fighter began the quest for the
                  | Orb.
     0 | D:1      | Reached XP level 1. HP: 18/18 MP: 1/1
   127 | D:1      | Gained mutation: You have a pair of small horns on your
                  | head. [demonic ancestry]
   127 | D:1      | Reached XP level 2. HP: 24/24 MP: 2/2
   654 | D:1      | Reached XP level 3. HP: 29/29 MP: 3/3
   885 | D:2      | Noticed Natasha
   900 | D:2      | Killed Natasha
   978 | D:2      | Found a faded altar of an unknown god.
   987 | D:2      | Reached XP level 4. HP: 28/35 MP: 4/4
  1292 | D:2      | Noticed Natasha
  1298 | D:2      | Killed Natasha
  1320 | D:2      | Noticed Natasha
  1331 | D:2      | Killed Natasha
  1844 | D:3      | Reached XP level 5. HP: 39/42 MP: 5/5
  2257 | D:3      | Reached skill level 4 in Fighting
  2328 | D:3      | Found a bloodstained altar of Trog.
  2328 | D:3      | Found an iron altar of Okawaru.
  2664 | D:4      | Found an opulent altar of Gozag.
  2665 | D:4      | Found a broken altar of Ashenzari.
  2674 | D:4      | Became a worshipper of Gozag Ym Sagoz the Greedy
  2898 | D:4      | Reached XP level 6. HP: 47/48 MP: 6/6
  3249 | D:5      | Entered Level 5 of the Dungeon
  3249 | D:5      | Found Qecwaid's Jewellery Shop.
  3547 | D:5      | Gained mutation: You are partially covered in large bone
                  | plates. (SH +4) [demonic ancestry]
  3547 | D:5      | Reached XP level 7. HP: 26/55 MP: 7/7
  3807 | D:5      | Reached skill level 5 in Fighting
  4340 | D:5      | Identified the +5 hand axe "Humulan" {vorpal, rC+ rN+}
  4355 | D:5      | Slain by an ogre

Illustrated notes

Levels and vault maps discovered:
D:1:      minmay_arrival_floating_metal, layout_loops_ring
D:2:      layout_loops_cross, hellmonk_ecumenical_altar_dog_temple, uniq_natasha
D:3:      minmay_wonky_spiral, layout_rooms, grunt_temple_overflow_bloody_war,
          serial_corexii_hall, corexii_hall_statues_x,
          chequers_hall_statues_corner_a, minmay_cupped
D:4:      layout_cave_pools, chequers_temple_overflow_statue_of_worship
D:5:      layout_basic, serial_shops, nicolae_stop_n_shop_2

Skill      XL: |  1  2  3  4  5  6  7 |
---------------+----------------------+-----
Axes           | 2 3 4 |  4.3
Armour         | 3 4 |  4.8
Shields        | 3 4 |  4.8
Fighting       | 4 5 |  5.3

Action                   |  1- 3 |  4- 6 |  7- 9 || total
-------------------------+-------+-------+-------++-------
Melee: War axe           |    81 |   193 |    37 ||   311
       Headbutt          |     8 |    28 |     7 ||    43
       Hand axe          |       |       |     5 ||     5
Throw: Dart              |       |     7 |       ||     7
  Use: Scroll            |       |     5 |     1 ||     6
Armor: Scale mail        |    45 |    90 |    16 ||   151
Dodge: Dodged            |    41 |    93 |    14 ||   148
Block: Buckler           |    29 |   146 |    34 ||   209
       Reflection        |     1 |     2 |       ||     3

Table legend: (Time is in decaauts)
 A = Elapsed time spent in this place.
 B = Non-inter-level travel time spent in this place.
 C = Inter-level travel time spent in this place.
 D = Time resting spent in this place.
 E = Time spent auto-exploring this place.
 F = Levels seen in this place.
 G = Mean time per level.
                   A        B        C        D        E       F      G
               +--------+--------+--------+--------+--------+-----+--------+
         Total |   4523 |   4395 |    128 |    594 |   2586 |   5 |  904.6 |
       Dungeon |   4523 |   4395 |    128 |    594 |   2586 |   5 |  904.6 |
               +--------+--------+--------+--------+--------+-----+--------+

Top non-repeatable levels by time:
     D:5: 1130 daAuts
     D:2: 982 daAuts
     D:1: 948 daAuts
     D:3: 790 daAuts
     D:4: 671 daAuts
